 Dungeon Crawl Stone Soup version 0.24.0-1-gfbc8707 (webtiles) character file.

Game seed: 1658150100921598324, levelgen mode: deterministic

9091 Fang the Fighter (level 11, -4/74 HPs)
             Began as a Gargoyle Berserker on Oct 29, 2019.
             Was a High Priest of Trog.
             Slain by an orc warrior
             ... wielding a +0 halberd
              (19 damage)
             ... in a bailey.
             The game lasted 00:08:38 (9479 turns).

Fang the Fighter (Gargoyle Berserker)               Turns: 9479, Time: 00:08:39

Health: -4/74      AC: 24    Str: 28    XL:     11   Next: 41%
Magic:  11/11      EV: 10    Int:  7    God:    Trog [*****.]
Gold:   649        SH:  0    Dex:  9    Spells: 10/10 levels left

rFire    . . .     SeeInvis +   a - +0 hand axe
rCold    . . .     Gourm    .   (no shield)
rNeg     + + .     Faith    .   b - +0 plate armour
rPois    ∞         Spirit   .   (no helmet)
rElec    +         Reflect  .   (no cloak)
rCorr    .         Harm     .   r - +1 pair of gloves {Str+3}
MR       .....                  (no boots)
Stlth    ..........             (no amulet)
HPRegen  0.22/turn              g - ring of see invisible
MPRegen  0.12/turn              n - ring of positive energy

@: berserk cooldown, slowed, very slow
A: negative energy resistance 1, electricity resistance, unbreathing,
petrification resistance, rot immunity, AC +8
a: Berserk, Trog's Hand, Brothers in Arms, Renounce Religion


You were in a bailey.
You worshipped Trog.
Trog was extremely pleased with you.
You were very hungry.

You visited 2 branches of the dungeon, and saw 11 of its levels.
You also visited: Bailey.

You collected 649 gold pieces.

Inventory:

Hand Weapons
 a - a +0 hand axe (weapon)
Armour
 b - a +0 plate armour (worn)
 r - a +1 pair of gloves of strength (worn)
Jewellery
 g - a ring of see invisible (left hand)
 n - a ring of positive energy (right hand)
 D - a +2 ring of intelligence {unknown}
 E - a +6 ring of evasion {unknown}
Wands
 j - a wand of clouds (7)
 y - a wand of enslavement (6)
 z - a wand of flame (18)
Scrolls
 d - 9 scrolls of identify
 e - 2 scrolls of fear {unknown}
 i - 2 scrolls of remove curse
 m - 5 scrolls of amnesia {unknown}
 o - 5 scrolls of teleportation {unknown}
 s - a scroll of enchant weapon {unknown}
 u - a scroll of fog {unknown}
 x - a scroll of immolation {unknown}
 A - a scroll of magic mapping {unknown}
 B - a scroll of blinking {unknown}
Potions
 f - 3 potions of mutation
 h - 2 potions of brilliance {unknown}
 k - 8 potions of curing
 l - 2 potions of magic {unknown}
 p - a potion of ambrosia {unknown}
 q - 2 potions of degeneration {unknown}
 t - 5 potions of heal wounds {unknown}
 v - a potion of haste {unknown}
 w - a potion of berserk rage {unknown}
 F - a potion of invisibility {unknown}
 G - a potion of resistance {unknown}
 H - a potion of experience {unknown}
 I - 2 potions of might
Comestibles
 c - 16 rations
 C - 11 chunks of flesh


   Skills:
 * Level 11.3 Fighting
 * Level 9.6 Axes
 + Level 8.3 Armour
 + Level 6.3 Dodging


You had 10 spell levels left.
You didn't know any spells.
Your spell library was empty.

Dungeon Overview and Level Annotations

Branches:
Dungeon (10/15)            Temple (1/1) D:5            Lair (0/6) D:10
 Bailey (1/1)
    Orc: D:9-12

Altars:
Ashenzari
Cheibriados
Okawaru
Qazlal
Vehumet
Wu Jian

Annotations:
D:10 Nergalle, Psyche


Innate Abilities, Weirdness & Mutations

You are resistant to torment.
Your stone body is resilient. (AC +8)
You are immune to poison.
You resist negative energy. (rN+)
You are resistant to electric shocks. (rElec)
You can survive without breathing.
You are immune to petrification.
You are immune to rotting.


Message History

Your deep troll closely misses the orc knight.
Your deep troll claws the orc knight but does no damage.
Your deep troll closely misses the orc knight.
The orc knight hits you but does no damage.
The orc hits you but does no damage.
Your deep troll barely misses the orc knight.
Your deep troll misses the orc knight.
Your deep troll claws the orc knight.
The orc warrior hits you but does no damage.
The orc closely misses you.
The orc knight hits your deep troll with a +0 halberd!!
Your deep troll bites the orc knight!
The orc knight dies!
Trog accepts your kill.
Things that are here:
a +0 trident; an orc corpse Your deep troll bites the orc!!
The orc dies!
Trog accepts your kill.
The orc warrior hits you with a +0 halberd!!
You die...

####### #######
###.....#########.....##
.'.....))#.....#...))..##
.'o..)T)@).....'...))).#.
.'...).o)'.....'..)))..'.
.'......)'.....'...))).#.
.'.......#.....#.......##
###.....#########.....##
####### #######


You could see an orc knight, an orc warrior and a friendly deep troll (berserk).

Vanquished Creatures
  A two-headed ogre (D:8)
  Pikel (D:8)
  An orc knight (Bailey)
  Joseph (D:8)
  A centaur skeleton (D:10)
  Maurice (D:8)
  A komodo dragon (D:10)
  A hippogriff (D:10)
  Sigmund (D:6)
  A yak (D:8)
  Grum (D:10)
  2 soldier ants (D:8)
  10 orc warriors
  An ice beast (D:10)
  A sky beast (D:8)
  8 phantoms
  2 slaves (D:8)
  4 ogres
  A centaur (D:9)
  4 wolves (D:10)
  3 big kobolds
  A wyvern zombie (D:9)
  Blork the orc (D:6)
  7 bullfrogs
  A wyvern skeleton (D:6)
  A scorpion (D:6)
  2 howler monkeys
  7 crimson imps
  2 bullfrog zombies (D:9)
  A quasit (D:5)
  3 bullfrog skeletons
  A gnoll shaman (D:9)
  5 hounds
  2 jellies (D:9)
  5 orc priests
  Natasha (thrice) (D:2)
  An iguana (D:7)
  9 orc wizards
  5 worker ants
  Terence (D:2)
  A hound zombie (D:9)
  A hound skeleton (D:9)
  A howler monkey skeleton (D:5)
  11 adders
  9 gnolls
  3 shadow imps
  2 adder skeletons
  4 worms
  2 dart slugs
  6 leopard geckos
  46 orcs
  4 giant cockroaches
  9 goblins
  12 hobgoblins
  15 jackals
  25 kobolds
  4 quokkas
  4 ball pythons
  10 bats
  2 frilled lizards
  A jackal skeleton (D:5)
  A quokka skeleton (D:8)
  5 rats
283 creatures vanquished.

Vanquished Creatures (collateral kills)
  2 orc knights (Bailey)
  5 orcs (Bailey)
7 creatures vanquished.

Vanquished Creatures (others)
  2 slaves (D:8)
  A bullfrog (D:8)
  A jelly (D:8)
  A centaur skeleton (D:8)
  2 orc wizards
  A plant (D:10)
8 creatures vanquished.

Grand Total: 298 creatures vanquished

Notes
Turn   | Place    | Note
-------+----------+-------------------------------------------
     0 | D:1      | Fang the Gargoyle Berserker began the quest for the Orb.
     0 | D:1      | Reached XP level 1. HP: 14/14 MP: 1/1
    89 | D:1      | Reached XP level 2. HP: 3/19 MP: 2/2
   703 | D:1      | Reached XP level 3. HP: 23/23 MP: 3/3
   725 | D:1      | Reached ** piety under Trog
   999 | D:2      | Noticed Natasha
  1008 | D:2      | Killed Natasha
  1008 | D:2      | Reached XP level 4. HP: 8/29 MP: 4/4
  1064 | D:2      | Found a stormy altar of Qazlal.
  1068 | D:2      | Noticed Terence
  1071 | D:2      | Found a radiant altar of Vehumet.
  1079 | D:2      | Killed Terence
  1079 | D:2      | Reached skill level 4 in Fighting
  1257 | D:2      | Noticed Natasha
  1265 | D:2      | Killed Natasha
  1303 | D:2      | Noticed Natasha
  1314 | D:2      | Killed Natasha
  1314 | D:2      | Reached XP level 5. HP: 18/33 MP: 5/5
  1909 | D:3      | Reached *** piety under Trog
  1922 | D:3      | Reached XP level 6. HP: 31/39 MP: 6/6
  2644 | D:3      | Reached skill level 5 in Fighting
  2753 | D:4      | Noticed a phantom
  2776 | D:4      | Killed a phantom
  2776 | D:4      | Reached XP level 7. HP: 32/44 MP: 7/7
  3397 | D:5      | Entered Level 5 of the Dungeon
  3495 | D:5      | Reached **** piety under Trog
  3744 | D:5      | Reached skill level 6 in Fighting
  3744 | D:5      | Reached skill level 5 in Axes
  3744 | D:5      | Reached XP level 8. HP: 51/51 MP: 8/8
  3854 | D:5      | Found a staircase to the Ecumenical Temple.
  3898 | Temple   | Entered the Ecumenical Temple
  4312 | D:6      | Reached skill level 5 in Armour
  4413 | D:6      | Reached skill level 7 in Fighting
  4529 | D:6      | Noticed Sigmund
  4552 | D:6      | Killed Sigmund
  4556 | D:6      | Reached XP level 9. HP: 57/57 MP: 9/9
  5040 | D:6      | Noticed Blork the orc
  5051 | D:6      | Killed Blork the orc
  5195 | D:6      | Reached skill level 8 in Fighting
  6356 | D:8      | Noticed Joseph
  6378 | D:8      | Killed Joseph
  6557 | D:8      | Noticed Pikel
  6568 | D:8      | Reached skill level 5 in Dodging
  6577 | D:8      | Killed Pikel
  6577 | D:8      | Reached skill level 9 in Fighting
  6577 | D:8      | Reached XP level 10. HP: 66/66 MP: 10/10
  6685 | D:8      | Reached ***** piety under Trog
  6716 | D:8      | Noticed a two-headed ogre
  6737 | D:8      | Killed a two-headed ogre
  7046 | D:8      | Noticed Maurice
  7064 | D:8      | Killed Maurice
  7162 | D:8      | Reached skill level 10 in Fighting
  7202 | D:8      | Found a shattered altar of Ashenzari.
  7893 | D:9      | Found an iron altar of Okawaru.
  8708 | D:10     | Entered Level 10 of the Dungeon
  8780 | D:10     | Noticed Grum
  8787 | D:10     | Reached XP level 11. HP: 57/73 MP: 11/11
  8798 | D:10     | Killed Grum
  8845 | D:10     | Found a staircase to the Lair.
  8942 | D:10     | Found a flagged portal.
  8964 | D:10     | Reached skill level 11 in Fighting
  8978 | D:10     | Found an ornate altar of the Wu Jian Council.
  9184 | D:10     | Noticed Nergalle
  9184 | D:10     | Noticed Psyche
  9206 | Bailey   | Entered a bailey
  9455 | Bailey   | Noticed an orc knight
  9456 | Bailey   | Noticed an orc knight
  9468 | Bailey   | Killed an orc knight
  9469 | Bailey   | Noticed an orc knight
  9476 | Bailey   | Killed an orc knight
  9478 | Bailey   | Noticed an orc knight
  9478 | Bailey   | Killed an orc knight
  9479 | Bailey   | Slain by an orc warrior

Levels and vault maps discovered:
D:1:      dpeg_arrival_simpleton_a, layout_basic, minmay_crystal_room
D:2:      layout_rooms, nicolae_overflow_hidden_temple, uniq_natasha,
          uniq_terence
D:3:      layout_basic, minmay_close_crescents
D:4:      layout_loops_ring, first_ration
D:5:      layout_basic, minmay_temple_entry_enclosed_plants
D:6:      layout_cave_pods, uniq_blork_the_orc, uniq_sigmund
D:7:      layout_cave_pods
D:8:      layout_loops_ring, overflow_temple_1_default,
          hangedman_pestilent_swarm, kb_rosetta, uniq_maurice, uniq_pikel,
          uniq_joseph
D:9:      layout_basic, old_standard_altar
D:10:     layout_basic, david_lair_shrubbed, enter_bailey_2, basic_altar,
          hangedman_abyss_or_decor_stabs, uniq_psyche, uniq_grum, uniq_nergalle
Temple:   regret_index_temple_sphere_string
Bailey:   bailey_polearm_5, bailey

Skill      XL: |  1  2  3  4  5  6  7  8  9 10 11 |
---------------+----------------------------------+-----
Axes           | 3 4 5 6 7 9 |  9.6
Dodging        | 2 3 4 5 6 |  6.3
Fighting       | 4 5 6 7 9 10 11 | 11.3
Armour         | 3 4 5 6 7 8 |  8.3

Action                   |  1- 3 |  4- 6 |  7- 9 | 10-12 || total
-------------------------+-------+-------+-------+-------++-------
Melee: Hand axe          |   100 |   283 |   582 |   510 ||  1475
Invok: Berserk           |     1 |     3 |     6 |    11 ||    21
       Trog's Hand       |       |       |       |     1 ||     1
       Brothers in Arms  |       |       |       |     1 ||     1
  Use: Scroll            |       |       |     3 |       ||     3
  Eat: Chunk             |       |     9 |     9 |    20 ||    38
       Ration            |       |       |     3 |       ||     3
Armor: Animal skin       |    33 |     3 |       |       ||    36
       Chain mail        |       |   217 |   282 |       ||   499
       Plate armour      |       |       |   158 |   377 ||   535
Dodge: Dodged            |    62 |   198 |   348 |   278 ||   886
